 Dungeon Crawl Stone Soup version 0.23-a0-183-gf37f6fb (webtiles) character file.

19408 spacecadeau the Basher (level 12, -3/126 HPs)
             Began as an Ogre Hunter on Sept 22, 2018.
             Was a High Priest of Wu Jian.
             Killed from afar by a lindwurm (11 damage)
             ... with a blast of flame
             ... on level 10 of the Dungeon.
             The game lasted 01:45:37 (13903 turns).

spacecadeau the Basher (Ogre Hunter)               Turns: 13903, Time: 01:45:37

Health: -3/126     AC:  9    Str: 22    XL:     12   Next: 68%
Magic:  12/12      EV: 13    Int: 12    God:    Wu Jian [*****.]
Gold:   449        SH:  0    Dex: 17    Spells: 11/12 levels left

rFire    . . .     SeeInvis .   p - +0 giant spiked club
rCold    . . .     Gourm    .   (shield currently unavailable)
rNeg     + . .     Faith    .   D - +0 troll leather armour
rPois    +         Spirit   .   (helmet restricted)
rElec    .         Reflect  .   A - +2 cloak
rCorr    .         Harm     .   (gloves unavailable)
MR       +....                  (boots unavailable)
Stlth    +++.......             (no amulet)
HPRegen  0.71/turn              H - ring "Hifroi" {+Fly rPois rN+ Str+3 Stlth+}
MPRegen  0.13/turn              l - +4 ring of dexterity

@: flying, studying Armour
A: large, unfitting armour, tough skin 1
a: Wall Jump, Serpent's Lash, Heavenly Storm, Renounce Religion, Stop Flying


You were on level 10 of the Dungeon.
You worshipped Wu Jian.
Wu Jian was extremely pleased with you.
You were not hungry.

You visited 1 branch of the dungeon, and saw 10 of its levels.
You also visited: Ossuary and Bailey.

You collected 449 gold pieces.

Inventory:

Hand Weapons
 a - a +5 dire flail of draining
 e - a +0 club
 o - a +0 whip
 p - a +0 giant spiked club (weapon)
 t - a +0 short sword
 K - a +1 giant club
Missiles
 h - 285 stones
 C - 3 throwing nets
 E - 2 javelins (quivered)
 I - 2 tomahawks
Armour
 b - a +0 robe
 c - the +1 robe "Tienim" {rN+}
   (You found it on level 10 of the Dungeon)

   It protects you from negative energy.
 A - a +2 cloak (worn)
 D - a +0 troll leather armour (worn)
 L - a +1 robe of magic resistance
Jewellery
 l - a +4 ring of dexterity (right hand)
 n - an uncursed ring of stealth
 B - an uncursed ring of ice
 H - the ring "Hifroi" (left hand) {+Fly rPois rN+ Str+3 Stlth+}
   (You found it in an ossuary)

   [ring of stealth]

   It affects your strength (+3).
   It protects you from poison.
   It protects you from negative energy.
   It lets you fly.
   It makes you more stealthy.
Wands
 d - a wand of iceblast (8)
 r - a wand of polymorph (8)
 J - a wand of disintegration (6)
 M - a wand of acid (7)
 P - a wand of random effects (21)
Scrolls
 i - 5 scrolls of teleportation
 j - 4 scrolls of remove curse
 k - 3 scrolls of fog
 m - 2 scrolls of amnesia
 w - 4 scrolls of enchant armour
 y - 2 scrolls of random uselessness
 F - a scroll of holy word
 G - 3 scrolls of identify
Potions
 g - 3 potions of curing
 q - 2 potions of might
 s - 2 potions of lignification
 v - 3 potions of berserk rage
 x - 2 potions of brilliance
 z - a potion of mutation
 N - a potion of haste {unknown}
Books
 u - a manual of Armour
Comestibles
 f - 18 rations
 O - a chunk of flesh


   Skills:
 + Level 9.8 Fighting
 * Level 13.6 Maces & Flails
 + Level 8.7 Throwing
 + Level 4.6 Armour
 + Level 6.1 Dodging
 - Level 0.6 Stealth
 + Level 0.6 Spellcasting
 + Level 0.4 Hexes
 + Level 1.1 Evocations


You had 11 spell levels left.
You knew the following spells:

 Your Spells              Type           Power        Failure   Level  Hunger
a - Confusing Touch       Hex            #.....       30%         1    ##.....

Your spell library contained the following spells:

 Spells                   Type           Power        Failure   Level  Hunger
 Summon Small Mammal      Summ           #...         36%         1    ##.....
 Call Imp                 Summ           #.......     50%         2    ###....
 Confuse                  Hex            #.......     65%         3    ####...
 Summon Guardian Golem    Hex/Summ       #.......     69%         3    ####...
 Call Canine Familiar     Summ           #.......     73%         3    ####...
 Gell's Gravitas          Tloc           #.........   73%         3    ####...
 Petrify                  Tmut/Erth      #.......     98%         4    #####..
 Summon Ice Beast         Ice/Summ       #.......     98%         4    #####..
 Summon Lightning Spire   Summ/Air       #.......     98%         4    #####..
 Metabolic Englaciation   Hex/Ice        #.........   100%        5    ######.
 Yara's Violent Unravell  Hex/Tmut       #.........   100%        5    ######.


Dungeon Overview and Level Annotations

Branches:
Dungeon (10/15)            Temple (0/1) D:5            Lair (0/6) D:10
    Orc (0/2) D:10

Altars:
Nemelex Xobeh
Qazlal
Sif Muna
Trog
Wu Jian
Yredelemnul
The Shining One

Shops:
D:7 [   D:8 [(   D:10 [


Innate Abilities, Weirdness & Mutations

You are too large for most types of armour.
You have tough skin. (AC +1)


Message History

* * * LOW HITPOINT WARNING * * *
You spin and attack the lindwurm.
You hit the lindwurm but do no damage.
The lindwurm is moderately wounded.
The lindwurm bites you!
* * * LOW HITPOINT WARNING * * *
The lindwurm closely misses you. The lindwurm claws you!
* * * LOW HITPOINT WARNING * * *
The lindwurm misses you. The lindwurm barely misses you.
The lindwurm claws you.
* * * LOW HITPOINT WARNING * * *
Unknown command.
You repeatedly attack the lindwurm from above.
You beat the lindwurm like a drum!!!
The lindwurm is almost dead.
You bludgeon the lindwurm!!
You kill the lindwurm!
The Council accepts your kill. The lindwurm breathes flames at you.
The blast of flame hits you!
You die...

.....≈≈≈§≈§k...§≈≈≈≈≈....∩.<..#
....≈§≈§§§(.##...§≈≈§≈........#
.)..≈≈≈§≈§§####..§≈§≈§........#
....≈≈§≈(.#.?(. ..≈≈≈§§.#####.#
##.≈§≈≈≈.##)>}" #.≈≈§≈§.# #.#
#.≈≈≈≈≈§##[[:%##.≈≈≈§§§# #.#
#..≈≈≈§§§#. ?k#..§≈§≈..#####.#
##..§≈≈§≈..####§§§≈≈≈≈.......<#
...(≈≈≈≈§§§.##.§@§§≈≈≈........#
.....≈≈§§§≈..k.§§§§≈§§§.......#
.....≈§≈§§§≈≈§≈≈≈§§§≈§...####.#
......≈≈§≈≈≈≈≈≈§≈§§≈.§...# #.#
.......≈≈≈≈§§≈≈≈§≈≈.....## #.#
...#.....§§≈≈≈§§§.....### #.#
...##.......≈≈.§.....## #.#
...####..............########.#
........(.....................#


You could see 2 lindwurms.

Vanquished Creatures
  Harold (D:8)
  A two-headed ogre (D:9)
  2 lindwurms (D:10)
  An orc knight (Bailey)
  2 trolls
  3 hornets
  2 hippogriffs
  9 yaks
  A hungry ghost (D:10)
  Edmund (D:4)
  A soldier ant (D:9)
  A water moccasin (D:8)
  11 orc warriors
  2 sky beasts
  A black bear (D:10)
  3 phantoms
  3 ogres
  2 centaurs
  2 wolves (D:10)
  3 big kobolds
  9 bullfrogs
  A wyvern skeleton (D:7)
  4 scorpions
  4 wights (D:8)
  12 killer bees
  A howler monkey (D:10)
  2 electric eels (D:10)
  3 crimson imps
  A centaur zombie (Ossuary)
  A lava snake (D:8)
  11 hounds
  2 jellies (D:9)
  A bullfrog zombie (Ossuary)
  5 orc priests
  9 orc wizards
  14 mummies (Ossuary)
  Natasha (D:2)
  6 iguanas
  10 worker ants
  2 hound zombies (Ossuary)
  A hound skeleton (D:8)
  3 worker ant zombies (Ossuary)
  8 gnolls
  A howler monkey skeleton (D:7)
  11 adders
  3 shadow imps (D:8)
  An ooze (D:2)
  An adder zombie (D:7)
  2 adder skeletons
  2 worms
  5 leopard geckos
  42 orcs
  A ball python (D:2)
  7 bats
  10 giant cockroaches
  8 goblins
  4 hobgoblins
  11 jackals
  19 kobolds
  A quokka (D:2)
  A ball python zombie (Ossuary)
  A jackal skeleton (D:7)
  A leopard gecko skeleton (D:3)
  A leopard gecko zombie (Ossuary)
  A quokka skeleton (D:10)
  A quokka zombie (D:6)
  7 rats
  2 withered plants (Ossuary)
307 creatures vanquished.

Vanquished Creatures (others)
  6 kobolds (D:7)
6 creatures vanquished.

Grand Total: 313 creatures vanquished

Notes
Turn   | Place    | Note
-------+----------+-------------------------------------------
     0 | D:1      | spacecadeau the Ogre Hunter began the quest for the Orb.
     0 | D:1      | Reached XP level 1. HP: 22/22 MP: 1/1
   212 | D:1      | Reached XP level 2. HP: 18/29 MP: 2/2
   865 | D:2      | Found an ornate altar of the Wu Jian Council.
   871 | D:2      | Became a worshipper of the Wu Jian Council
   875 | D:2      | Noticed a crimson imp
   876 | D:2      | Killed a crimson imp
   876 | D:2      | Reached skill level 1 in Maces & Flails
   876 | D:2      | Reached XP level 3. HP: 34/37 MP: 3/3
  1099 | D:2      | Reached XP level 4. HP: 38/45 MP: 4/4
  1108 | D:2      | Noticed Natasha
  1112 | D:2      | Killed Natasha
  1112 | D:2      | Reached skill level 5 in Throwing
  1115 | D:2      | Found a glowing golden altar of the Shining One.
  1784 | D:2      | Reached XP level 5. HP: 49/53 MP: 5/5
  2821 | D:3      | Reached skill level 2 in Maces & Flails
  2894 | D:3      | Reached * piety under Wu Jian
  3233 | D:4      | Reached XP level 6. HP: 33/62 MP: 6/6
  3757 | D:4      | Noticed Edmund
  3800 | D:4      | Killed Edmund
  3800 | D:4      | Reached skill level 3 in Maces & Flails
  3808 | D:4      | Reached XP level 7. HP: 63/70 MP: 7/7
  4411 | D:5      | Entered Level 5 of the Dungeon
  4422 | D:5      | Learned a level 1 spell: Confusing Touch
  4430 | D:5      | Reached skill level 4 in Maces & Flails
  4501 | D:5      | Found a sparkling altar of Nemelex Xobeh.
  4510 | D:5      | Found a basalt altar of Yredelemnul.
  4516 | D:5      | Found a bloodstained altar of Trog.
  4591 | D:5      | Found a staircase to the Ecumenical Temple.
  5165 | D:5      | Reached ** piety under Wu Jian
  5255 | D:5      | Reached XP level 8. HP: 57/79 MP: 8/8
  5262 | D:5      | Reached skill level 5 in Maces & Flails
  5558 | D:5      | Found a stormy altar of Qazlal.
  5766 | D:6      | Reached skill level 5 in Fighting
  5867 | D:6      | Reached skill level 6 in Maces & Flails
  6043 | D:6      | Reached skill level 7 in Maces & Flails
  6243 | D:6      | Reached XP level 9. HP: 88/88 MP: 9/9
  6472 | D:7      | Found a sand-covered staircase.
  6477 | Ossuary  | Entered an ossuary
  6654 | Ossuary  | Reached *** piety under Wu Jian
  6738 | Ossuary  | Reached skill level 8 in Maces & Flails
  6759 | Ossuary  | Got a warped lead ring
  6764 | Ossuary  | Identified the ring "Hifroi" {+Fly rPois rN+ Str+3 Stlth+}
                  | (You found it in an ossuary)
  7334 | D:7      | Found a deep blue altar of Sif Muna.
  7440 | D:7      | Reached skill level 9 in Maces & Flails
  7560 | D:7      | Found Tubrulo's Armour Emporium.
  7580 | D:7      | Reached **** piety under Wu Jian
  8360 | D:8      | Found a flagged portal.
  8372 | Bailey   | Entered a bailey
  8398 | Bailey   | Reached skill level 1 in Evocations
  8400 | Bailey   | Reached XP level 10. HP: 43/100 MP: 10/10
  8968 | Bailey   | Found a roughly hewn altar of Beogh.
  8968 | Bailey   | Noticed an orc knight
  9101 | Bailey   | Reached skill level 10 in Maces & Flails
  9319 | Bailey   | Killed an orc knight
 10190 | D:8      | Reached skill level 11 in Maces & Flails
 10192 | D:8      | HP: 3/102 [killer bee (5)]
 10556 | D:8      | Found Weng's Antique Armour Emporium.
 10857 | D:8      | Found Sokuaz's Weapon Shoppe.
 10922 | D:8      | Noticed Harold
 10934 | D:8      | Killed Harold
 11273 | D:9      | Noticed a two-headed ogre
 11275 | D:9      | Killed a two-headed ogre
 11275 | D:9      | Reached XP level 11. HP: 111/111 MP: 11/11
 11361 | D:9      | Reached ***** piety under Wu Jian
 11374 | D:9      | Reached skill level 12 in Maces & Flails
 12257 | D:9      | Reached skill level 5 in Dodging
 12375 | D:9      | Reached skill level 13 in Maces & Flails
 12375 | D:9      | Reached XP level 12. HP: 124/124 MP: 12/12
 12528 | D:9      | Found a bloodstained altar of Trog.
 12674 | D:10     | Entered Level 10 of the Dungeon
 12674 | D:10     | Found Suligro's Antique Armour Shoppe.
 13095 | D:10     | Paralysed by a hornet for 3 turns
 13656 | D:10     | Got a smoking robe
 13667 | D:10     | Identified the +1 robe "Tienim" {rN+} (You found it on
                  | level 10 of the Dungeon)
 13741 | D:10     | Found a staircase to the Lair.
 13765 | D:10     | Found a staircase to the Orcish Mines.
 13902 | D:10     | HP: 6/126 [lindwurm (4)]
 13903 | D:10     | Killed from afar by a lindwurm

Vault maps used:
D:1:      wheals_arrival_linesprint
D:2:      lemuel_coloured_pillars_altar, overflow_temple_1_default,
          first_ration, uniq_natasha
D:3:      serial_forest, infiniplex_forest_corner_1, infiniplex_forest_zigzag_1,
          infiniplex_forest_side_room, infiniplex_forest_zigzag_2,
          infiniplex_forest_lined_3, infiniplex_forest_zigzag_1,
          infiniplex_forest_clump_medium
D:4:      gup_sewer_entry_glass, uniq_edmund
D:5:      minitemple, marbit_many_paths, minmay_temple_entry_statues_pillars
D:7:      led_sif_pool, enter_ossuary_2, serial_shops, kennysheep_mini_moat,
          lemuel_another_geyser
D:8:      serial_shops, shop, kennysheep_mini, enter_bailey_7,
          kennysheep_doodads, uniq_harold
D:9:      basic_altar, hangedman_pestilent_swarm
D:10:     erik_lair_island, orc_0_dummy, serial_shops, shop,
          minmay_lindwurm_lava
Ossuary:  ossuary_zaba_flooded
Bailey:   bailey_polearm_2, bailey

Skill      XL: |  1  2  3  4  5  6  7  8  9 10 11 12 |
---------------+-------------------------------------+-----
Fighting       | 3 4 5 6 7 9 |  9.8
Maces & Flails | 1 2 3 4 7 9 11 13 | 13.6
Dodging        | 2 3 4 5 6 |  6.1
Throwing       | 5 6 7 8 |  8.7
Evocations     | 1 |  1.1
Armour         | 4 |  4.6
Stealth        | |  0.6
Spellcasting   | |  0.6
Hexes          | |  0.4

Action                   |  1- 3 |  4- 6 |  7- 9 | 10-12 || total
-------------------------+-------+-------+-------+-------++-------
Melee: Short sword       |    25 |       |       |       ||    25
       Club              |    56 |    99 |       |       ||   155
       Whip              |       |    92 |       |       ||    92
       Dire flail        |       |       |   235 |       ||   235
       Unarmed           |       |       |     2 |       ||     2
       Giant club        |       |       |    60 |   166 ||   226
       Giant spiked club |       |       |       |   192 ||   192
Throw: Stone             |    35 |    79 |    71 |    23 ||   208
       Large rock        |     1 |    22 |    23 |    29 ||    75
       Throwing net      |       |     2 |       |       ||     2
       Tomahawk          |       |       |    29 |     7 ||    36
       Javelin           |       |       |       |     6 ||     6
 Cast: Confusing Touch   |       |       |     4 |       ||     4
Invok: Lunge             |     1 |    18 |    36 |    21 ||    76
       Wall Jump         |       |       |    27 |    64 ||    91
       Whirlwind         |       |       |    63 |   113 ||   176
 Abil: Evoke Flight      |       |       |     3 |     3 ||     6
  Use: Potion            |       |     1 |     2 |     8 ||    11
       Scroll            |       |       |    15 |     7 ||    22
 Stab: Sleeping          |       |       |    10 |    11 ||    21
       Confused          |       |       |     1 |       ||     1
       Distracted        |       |       |     2 |     4 ||     6
  Eat: Chunk             |       |     4 |     4 |     9 ||    17
       Ration            |       |     2 |     3 |     4 ||     9
Armor: Robe              |    33 |    49 |    53 |    66 ||   201
       Troll leather arm |       |       |       |    38 ||    38
Dodge: Dodged            |    51 |   111 |   109 |   305 ||   576

Table legend:
 A = Non-vault XP
 B = Vault XP
 C = Vault XP percentage of total XP
 D = Non-vault monster count
 E = Vault monster count
 F = Vault count percentage of total count
                 A         B        C        D         E       F
            +---------+---------+-------+---------+---------+-------
      Total |   10446 |    6419 |  38.1 |     232 |      73 |  23.9
            +---------+---------+-------+---------+---------+-------
        D:1 |      19 |       0 |   0.0 |      11 |       0 |   0.0
        D:2 |     131 |      36 |  21.6 |      24 |       1 |   4.0
        D:3 |      74 |       0 |   0.0 |      25 |       0 |   0.0
        D:4 |     408 |     179 |  30.5 |      16 |       3 |  15.8
        D:5 |     547 |       2 |   0.4 |      21 |       1 |   4.5
        D:6 |    1033 |       0 |   0.0 |      21 |       0 |   0.0
        D:7 |    1319 |       0 |   0.0 |      31 |       0 |   0.0
        D:8 |    1987 |    1058 |  34.7 |      38 |       5 |  11.6
        D:9 |    2847 |     720 |  20.2 |      19 |       4 |  17.4
       D:10 |    2081 |    1997 |  49.0 |      26 |      10 |  27.8
    Ossuary |       0 |     564 | 100.0 |       0 |      23 | 100.0
     Bailey |       0 |    1863 | 100.0 |       0 |      26 | 100.0
            +---------+---------+-------+---------+---------+-------
